 Dungeon Crawl Stone Soup version 0.31.0-32-g396128a36d (webtiles) character file.

Game seed: 8796444448158534027

18284 jimmypageman the Basher (level 12, -15/73 HPs)
             Began as a Gargoyle Fighter on Apr 23, 2024.
             Was a High Priest of Okawaru.
             Killed from afar by a lindwurm (33 damage)
             ... with a blast of flame
             ... on level 2 of the Lair of Beasts.
             The game lasted 00:16:54 (12332 turns).

jimmypageman the Basher (Gargoyle Fighter)         Turns: 12332, Time: 00:16:55

Health: -15/73     AC: 23    Str: 32    XL:     12   Next: 56%
Magic:  16/16      EV: 12    Int:  9    God:    Okawaru [*****.]
Gold:   800        SH: 10    Dex:  6    Spells: 11/11 levels left

rFire   x . .        P - +8 whip "Snakebite" {venom, curare, rPois}
rCold   + . .        i - +0 kite shield
rNeg    + + .        u - +1 plate armour
rPois   ∞            (no helmet)
rElec   +            D - scarf {repulsion}
rCorr   .            (no gloves)
SInv    .            (no boots)
Will    .....        (no amulet) Stlth
                     r - +5 ring of evasion
HPRegen 0.32/turn    a - ring "Araz" {Ice rN+ Str+7 Dex-3 Slay+3}
MPRegen 0.15/turn

%: repel missiles
@: no status effects
A: sickness immunity, AC +8, negative energy resistance 1, electricity
resistance, torment resistance 1, petrification resistance
a: Renounce Religion, Heroism, Finesse, Duel


You were on level 2 of the Lair of Beasts.
You worshipped Okawaru.
Okawaru was extremely pleased with you.
You visited 3 branches of the dungeon, and saw 14 of its levels.

You collected 933 gold pieces.
You spent 133 gold pieces at shops.

Inventory:

Hand Weapons
 E - a +5 morningstar
 P - the +8 whip "Snakebite" (weapon) {venom, curare, rPois}
   (You found it on level 1 of the Lair of Beasts)

   rPois:     It protects you from poison
Missiles
 g - 3 datura-tipped darts
 l - 7 boomerangs
 n - 3 throwing nets
 o - 21 poisoned darts
 t - 4 curare-tipped darts
 O - 4 javelins
Armour
 c - a +0 buckler
 i - a +0 kite shield (worn)
 u - a +1 plate armour (worn)
 D - a scarf of repulsion (worn)
Jewellery
 a - the ring "Araz" (right hand) {Ice rN+ Str+7 Dex-3 Slay+3}
   (You acquired it on level 6 of the Dungeon)

   [ring of ice]

   Ice:       It enhances your ice magic.
   Str+7:     It affects your strength (+7).
   Dex-3:     It affects your dexterity (-3).
   Slay+3:    It affects your accuracy & damage with ranged weapons and melee
   (+3).
   rF-:       It makes you vulnerable to fire.
   rC+:       It protects you from cold.
   rN+:       It protects you from negative energy.
 r - a +5 ring of evasion (left hand)
 y - a +6 ring of dexterity
 z - a +5 ring of evasion
 H - an amulet of regeneration
Wands
 d - a wand of flame (42)
 h - a wand of iceblast (21) (quivered)
 p - a wand of digging (6)
 J - a wand of acid (5)
Scrolls
 b - a scroll of enchant weapon
 k - 4 scrolls of fog
 m - 2 scrolls of blinking
 q - 3 scrolls of revelation
 v - 2 scrolls of immolation
 G - a scroll of fear
 I - a scroll of enchant armour
 K - a scroll of identify
 L - a scroll of teleportation
 N - a scroll of summoning {unknown}
Potions
 e - 3 potions of lignification
 f - 2 potions of ambrosia {unknown}
 j - a potion of haste {unknown}
 s - a potion of might
 w - 4 potions of mutation
 x - 3 potions of enlightenment {unknown}
 A - 4 potions of degeneration {unknown}
 B - 2 potions of curing {unknown}
 C - a potion of berserk rage {unknown}
 F - a potion of heal wounds
 M - 2 potions of resistance {unknown}


   Skills:
 + Level 8.1 Fighting
 * Level 14.3 Maces & Flails
 + Level 7.8 Armour
 + Level 1.3 Dodging
 + Level 1.0 Stealth
 * Level 10.6 Shields
 * Level 6.5 Invocations


You had 11 spell levels left.
You didn't know any spells.
Your spell library contained the following spells:

 Spells                   Type           Power      Damage    Failure   Level
 Apportation              Tloc           0%         N/A       99%         1
 Necrotise                Necr           0%         1d4       99%         1
 Sting                    Conj/Alch      0%         1d3       99%         1
 Ensorcelled Hibernation  Hex/Ice        0%         N/A       100%        2
 Fugue of the Fallen      Necr           0%         N/A       100%        3
 Vampiric Draining        Necr           0%         2d6       100%        3
 Anguish                  Hex/Necr       0%         N/A       100%        4
 Vhi's Electric Charge    Tloc/Air       0%         N/A       100%        4
 Arcjolt                  Conj/Air       0%         1d10      100%        5
 Curse of Agony           Necr           0%         N/A       100%        5
 Plasma Beam              Fire/Air       0%         2x1d10    100%        6
 Summon Small Mammal      Summ           Unusable   N/A       N/A         1
 Martyr's Knell           Necr/Summ      Unusable   N/A       N/A         4

Dungeon Overview and Level Annotations

Branches:
Dungeon (11/15)            Temple (1/1) D:6            Lair (2/5) D:9
    Orc (0/2) D:9
  Swamp: Lair:2-3    Shoals: Lair:2-3     Snake: Lair:2-3    Spider: Lair:2-3

Altars:
Ashenzari
Cheibriados
Dithmenos
Elyvilon
Fedhas
Gozag
Hepliaklqana
Kikubaaqudgha
Makhleb
Nemelex Xobeh
Okawaru
Qazlal
Ru
Sif Muna
Trog
Uskayaw
Vehumet
Wu Jian
Xom
Yredelemnul
Zin
The Shining One

Shops:
D:5 [=(:*   D:10 [

Annotations:
D:4 3 runed translucent doors, markshark's ghost, amateur MiFi
D:7 2 transporters, Grum; yey's ghost, novice SpBr
Lair:1 exclusion: oklob plant


Innate Abilities, Weirdness & Mutations

You are immune to sickness and miasma.
Your stone body is resilient. (AC +8)
You are immune to poison.
You resist negative energy. (rN+)
You are resistant to electric shocks. (rElec)
You are resistant to unholy torment.
You are immune to petrification.


Message History

You thrash the water moccasin!!
You kill the water moccasin!
Okawaru accepts your kill. The lindwurm breathes flames at you.
The blast of flame hits you! The fire burns you terribly!
You hit the elephant but do no damage.
The elephant is poisoned.
You whack the elephant!
The elephant looks as sick as possible!
The elephant is moderately wounded.
The elephant tramples you!
You stumble backwards!
You whack the elephant!
The elephant looks as sick as possible! x2
The elephant struggles to breathe.
The elephant seems to slow down.
The elephant is heavily wounded.
You whack the elephant!
The elephant looks as sick as possible!
The elephant is heavily wounded.
The elephant tramples you.
You stumble backwards!
You hit the elephant.
The elephant looks as sick as possible!
The elephant is heavily wounded.
You whack the elephant!
The elephant looks as sick as possible!
The elephant struggles to breathe.
The elephant seems to be slow for longer.
The elephant is almost dead.
You whack the elephant!
You kill the elephant!
Okawaru accepts your kill. The lindwurm breathes flames at you.
The blast of flame hits you!! The fire burns you terribly!
* * * LOW HITPOINT WARNING * * *
You see here an elephant corpse.
You are too injured to fight recklessly!
You are too injured to fight recklessly!
You are too injured to fight recklessly!
You whack the lindwurm!
The lindwurm is poisoned.
The lindwurm is lightly wounded.
You whack the lindwurm!
The lindwurm looks as sick as possible!
The lindwurm struggles to breathe.
The lindwurm seems to slow down.
The lindwurm is heavily wounded.
An elephant comes into view.
The lindwurm breathes flames at you. The blast of flame hits you!!
The fire burns you terribly!
You die...

#.### ... .
#.. .. ##..
#Y.#####.#.##
Y...#.⌠.##.#
#....†.##
#..+..<.⌠.#
#.....k@..#
#.....⌠.###
#..###..## ..
#..# # #...
.... #....
#.#...


You could see an elephant (wandering) and a lindwurm (extremely poisoned, slow,
catching breath).

Vanquished Creatures
  4 two-headed ogres
  A boulder beetle (D:11)
  A manticore (D:7)
  Maurice (D:7)
  Joseph (D:7)
  An elephant (Lair:2)
  3 black mambas (Lair:1)
  A cane toad (Lair:1)
  2 rime drakes (Lair:1)
  3 komodo dragons (Lair:1)
  2 trolls
  Prince Ribbit (D:8)
  2 shadows
  A wraith (D:11)
  2 wyverns
  18 yaks
  2 steam dragons (D:8)
  5 vampire mosquitoes
  14 water moccasins
  3 orc warriors
  A black bear (D:8)
  2 ogres
  3 ice beasts
  4 centaurs
  2 phantoms
  2 kobold brigands
  8 bullfrogs
  2 gnoll sergeants
  4 scorpions
  19 wights
  10 killer bees
  6 howler monkeys
  4 jellies
  2 bombardier beetles (D:5)
  3 gnoll boudas
  5 hounds
  6 orc priests
  A sleepcap (D:6)
  5 iguanas
  7 orc wizards
  A howler monkey zombie (D:4)
  21 gnolls
  10 adders
  5 white imps
  An adder zombie (D:4)
  2 ribbon worms
  2 dart slugs
  48 orcs
  12 ball pythons
  6 bats
  5 endoplasms
  5 giant cockroaches
  9 goblins
  5 hobgoblins
  4 jackals (D:1)
  2 quokkas
  6 frilled lizards
  8 kobolds
  5 rats
321 creatures vanquished.

Notes
Turn   | Place    | Note
-------+----------+-------------------------------------------
     0 | D:1      | jimmypageman the Gargoyle Fighter began the quest for the
                  | Orb.
     0 | D:1      | Reached XP level 1. HP: 14/14 MP: 1/1
   164 | D:1      | Reached XP level 2. HP: 19/19 MP: 2/2
   378 | D:1      | Reached XP level 3. HP: 20/23 MP: 3/3
   927 | D:2      | Reached skill level 3 in Maces & Flails
  1010 | D:2      | Reached XP level 4. HP: 28/28 MP: 4/4
  2061 | D:3      | Reached XP level 5. HP: 33/33 MP: 5/5
  2062 | D:3      | Reached skill level 4 in Maces & Flails
  2429 | D:4      | Reached XP level 6. HP: 38/38 MP: 6/6
  2466 | D:4      | Found a runed translucent gate.
  2466 | D:4      | Found a runed translucent gate.
  2466 | D:4      | Found a runed translucent gate.
  2466 | D:4      | Noticed markshark's ghost (amateur MiFi)
  2468 | D:4      | Found a basalt altar of Yredelemnul.
  2838 | D:4      | Found an opulent altar of Gozag.
  2838 | D:4      | Found a blossoming altar of Fedhas.
  3162 | D:4      | Reached skill level 5 in Maces & Flails
  3299 | D:5      | Entered Level 5 of the Dungeon
  3302 | D:5      | Noticed an ice beast
  3318 | D:4      | Killed an ice beast
  3319 | D:4      | Reached skill level 5 in Shields
  3319 | D:4      | Reached XP level 7. HP: 17/42 MP: 7/7
  3698 | D:5      | Reached skill level 6 in Maces & Flails
  3751 | D:5      | Found Coata's Weapon Boutique.
  3878 | D:5      | Found Ponkucs's Jewellery Shoppe.
  4052 | D:5      | Found Lasuifuv's Book Emporium.
  4094 | D:5      | Found Ablodeuj's General Store.
  4112 | D:5      | Bought a scroll of revelation for 105 gold pieces
  4112 | D:5      | Bought a scroll of identify for 28 gold pieces
  4232 | D:5      | Reached XP level 8. HP: 30/48 MP: 8/8
  4342 | D:5      | Reached skill level 7 in Maces & Flails
  4504 | D:5      | Found Owoahuex's Armour Shop.
  5197 | D:6      | Found a radiant altar of Vehumet.
  5221 | D:6      | Reached skill level 5 in Armour
  5325 | D:6      | Reached skill level 8 in Maces & Flails
  5394 | D:5      | Reached skill level 5 in Fighting
  5727 | D:6      | Identified a scroll of acquirement
  5727 | D:6      | Acquired the ring "Araz" {Ice rN+ Str+7 Dex-3 Slay+3}
  5923 | D:6      | Reached XP level 9. HP: 53/54 MP: 9/9
  5957 | D:6      | Found a staircase to the Ecumenical Temple.
  6129 | Temple   | Entered the Ecumenical Temple
  6147 | Temple   | Became a worshipper of Warmaster Okawaru
  6461 | D:7      | Reached skill level 1 in Invocations
  6487 | D:7      | Reached skill level 9 in Maces & Flails
  6501 | D:7      | Reached * piety under Okawaru
  6506 | D:7      | Noticed Joseph
  6521 | D:7      | Killed Joseph
  6522 | D:7      | Reached skill level 1 in Stealth
  6679 | D:7      | Noticed a manticore
  6909 | D:7      | Noticed Grum
  6910 | D:7      | Noticed yey's ghost (novice SpBr)
  7001 | D:7      | Identified the +4 ring mail of Gusi Miff {rPois}
  7007 | D:7      | Found a transporter.
  7007 | D:7      | Found a transporter.
  7015 | D:7      | Noticed Maurice
  7025 | D:7      | Killed Maurice
  7026 | D:7      | Reached skill level 10 in Maces & Flails
  7026 | D:7      | Reached XP level 10. HP: 44/60 MP: 10/12
  7114 | D:7      | Killed a manticore
  7589 | D:8      | Noticed a two-headed ogre
  7606 | D:7      | Killed a two-headed ogre
  7607 | D:7      | Reached skill level 11 in Maces & Flails
  7767 | D:8      | Reached ** piety under Okawaru
  7769 | D:8      | Found a snail-covered altar of Cheibriados.
  7876 | D:8      | Noticed Prince Ribbit
  7923 | D:8      | Killed Prince Ribbit
  8124 | D:8      | Identified the +1 leather armour of Yleucs Ezuo {Str+4}
  8298 | D:8      | Found a shadowy altar of Dithmenos.
  8384 | D:9      | Reached XP level 11. HP: 61/66 MP: 14/14
  8474 | D:9      | Reached skill level 12 in Maces & Flails
  8680 | D:9      | Reached *** piety under Okawaru
  8857 | D:9      | Found a staircase to the Orcish Mines.
  8952 | D:9      | Identified the +10 sling of Fear {freeze, rC+ Str+3 Int-2}
  8999 | D:9      | Found a staircase to the Lair.
  9047 | D:9      | Noticed a two-headed ogre
  9053 | D:9      | Killed a two-headed ogre
  9266 | D:10     | Entered Level 10 of the Dungeon
  9391 | D:10     | Reached skill level 5 in Invocations
  9422 | D:10     | Found Goptije's Antique Armour Emporium.
  9650 | D:10     | Noticed a two-headed ogre
  9661 | D:10     | Killed a two-headed ogre
  9661 | D:10     | Reached **** piety under Okawaru
  9817 | D:10     | Noticed a two-headed ogre
  9825 | D:10     | Killed a two-headed ogre
 10006 | D:10     | Reached skill level 1 in Dodging
 10579 | D:11     | Reached skill level 13 in Maces & Flails
 10707 | D:11     | Reached ***** piety under Okawaru
 10964 | D:11     | Noticed a boulder beetle
 10978 | D:11     | Killed a boulder beetle
 11084 | Lair:1   | Entered Level 1 of the Lair of Beasts
 11230 | Lair:1   | Reached XP level 12. HP: 68/72 MP: 16/16
 11292 | Lair:1   | Reached skill level 10 in Shields
 11461 | Lair:1   | Found a blossoming altar of Fedhas.
 11622 | Lair:1   | Received a gift from Okawaru
 11636 | Lair:1   | Reached skill level 14 in Maces & Flails
 11999 | Lair:1   | Found the +8 whip "Snakebite" {venom, curare, rPois}
 12332 | Lair:2   | Killed from afar by a lindwurm

Illustrated notes

Levels and vault maps discovered:
D:1:      psy_arrival_spokes, layout_basic, corexii_corridor_pit
D:2:      layout_rooms
D:3:      layout_basic
D:4:      layout_loops_cross, nicolae_yredelemnul_ghost_church,
          gammafunk_temple_overflow_wave, serial_bayou, serial_bayou_lagoon_b,
          serial_bayou_lagoon_a, serial_bayou_lake_a, serial_bayou_pond_c
D:5:      minmay_chambers_of_threes, layout_loops_ring, serial_shops,
          nicolae_shop_hallway_plus, shop, nicolae_diamond_shop,
          kennysheep_mini, nicolae_shop_waterfront
D:6:      layout_rooms, old_standard_altar, minmay_temple_entry_slanted
D:7:      minmay_the_grid_four_pointed_star
          [minmay_the_grid_triangle_9x9_stretched_checkered,
          minmay_the_grid_triangle_9x9_limited_checkers,
          minmay_the_grid_triangle_9x9_shrine,
          minmay_the_grid_triangle_9x9_skeleton,
          minmay_the_grid_prize_big_room], layout_loops_ring,
          gammafunk_ghost_gnarly_gnolls, uniq_joseph, uniq_maurice
D:8:      layout_rooms, mainiacjoe_overflow_small_starburst,
          grunt_dithmenos_shadows, uniq_prince_ribbit1
D:9:      layout_basic, lair_entry_dummy, orc_0_dummy, special_room
          [special_room_orc]
D:10:     layout_irregular_city, serial_shops, shop_fountains
D:11:     layout_small_grid
Temple:   nicolae_temple_superstar
Lair:1:   minmay_guarded_unrand_snakebite, layout_regular_city,
          hangedman_tree_tricks, infiniplex_staircase_pool_2
Lair:2:   layout_loops_ring, alex1729_swamp_entry_worm_eleionoma,
          grunt_megastairs_2

Skill      XL: |  1  2  3  4  5  6  7  8  9 10 11 12 |
---------------+-------------------------------------+-----
Maces & Flails | 3 4 5 6 8 10 11 13 14 | 14.3
Shields        | 4 5 6 7 8 9 10 | 10.6
Armour         | 4 5 6 7 |  7.8
Fighting       | 4 5 6 7 8 |  8.1
Invocations    | 2 4 5 6 |  6.5
Stealth        | 1 |  1.0
Dodging        | 1 |  1.3

Action                     |  1- 3 |  4- 6 |  7- 9 | 10-12 || total
---------------------------+-------+-------+-------+-------++-------
  Melee: Flail             |    91 |   175 |    32 |       ||   298
         Whip              |       |    15 |   267 |    38 ||   320
         Morningstar       |       |       |   104 |   471 ||   575
 Invoke: Heroism           |       |       |     3 |     1 ||     4
    Use: Scroll            |       |     3 |    13 |     3 ||    19
         Potion            |       |     1 |     3 |     1 ||     5
 Armour: Scale mail        |    65 |    59 |       |       ||   124
         Plate armour      |       |    65 |   237 |   290 ||   592
  Dodge: Dodged            |    47 |   115 |   169 |   226 ||   557
         Repelled          |       |       |     1 |     1 ||     2
  Block: Buckler           |    20 |    45 |    78 |       ||   143
         Kite shield       |       |       |     1 |   262 ||   263
